AoeStats
← Lukebeam54

Black Forest

506715101Analyzed
3v3 RM · 17d ago on Sep 14, 2026· 70m 42s· 6 players
Game mode
Random Map
Map size
Normal (6 player)
Population
200
Speed
Normal
Resources
Standard
Victory
Conquest
Starting age
Dark Age
Ending age
Imperial Age
RankedLock teamsTeams togetherTeam positionsShared explorationLock speedFull tech treeHidden civsTurbo modeCheats
Victory
Defeat
🇬🇧 Britons · United Kingdom
450
+21
🇶🇦 Romans · Qatar
396
+23
🇪🇸 Vietnamese · Spain
346
+24
🇹🇷 Turks · Türkiye
571
-23
🇲🇽 Britons · Mexico
570
-23
🇺🇸 Romans · United States
539
-32
pausin_w
0:27 Loom
17:16 Feudal Age
18:56 Wheelbarrow
18:07 Town Watch
18:23 Double-Bit Axe
19:06 Gold Mining
20:18 Horse Collar
23:53 Stone Mining
28:32 Castle Age
29:04 Padded Archer Armor
28:55 Fletching
29:16 Forging
29:07 Scale Mail Armor
28:58 Man-at-Arms
29:24 Arson
29:52 Caravan
30:19 Hand Cart
30:40 Bow Saw
30:45 Heavy Plow
34:23 Gold Shaft Mining
34:21 Town Patrol
37:25 Iron Casting
37:05 Chain Mail Armor
37:06 Leather Archer Armor
36:47 Bodkin Arrow
37:13 Treadmill Crane
37:25 Guard Tower
37:50 Fortified Wall
37:30 Crossbowman
37:31 Elite Skirmisher
38:16 Squires
38:03 Gambesons
39:20 Long Swordsman
39:21 Pikeman
40:50 Ballistics
40:21 Heated Shot
44:41 Imperial Age
46:28 Two-Man Saw
46:10 Ring Archer Armor
45:41 Bracer
46:43 Blast Furnace
47:05 Conscription
47:24 Hoardings
49:06 Chemistry
47:55 Arrowslits
48:48 Keep
51:16 Yeomen
52:39 Elite Longbowman
55:46 Warwolf
56:28 Capped Ram
58:48 Two-Handed Swordsman
58:48 Halberdier
59:14 Arbalester
59:14 Imperial Skirmisher
61:44 Champion
63:23 Plate Mail Armor
carlosnour
2:23 Loom
10:36 Feudal Age
11:57 Wheelbarrow
13:11 Double-Bit Axe
14:47 Horse Collar
23:32 Castle Age
21:47 Stone Mining
21:55 Gold Mining
24:19 Bloodlines
25:28 Bow Saw
27:19 Forging
26:49 Elite Skirmisher
28:05 Hand Cart
27:57 Heavy Plow
32:06 Husbandry
36:06 Imperial Age
35:29 Ballistics
35:54 Padded Archer Armor
35:59 Squires
38:40 Two-Man Saw
37:03 Elite Rattan Archer
39:21 Elite Battle Elephant
40:31 Chatras
40:47 Imperial Skirmisher
43:00 Leather Archer Armor
42:36 Fletching
43:28 Iron Casting
43:43 Paper Money
43:44 Thumb Ring
47:31 Ring Archer Armor
46:57 Bodkin Arrow
47:08 Scale Barding Armor
47:09 Scale Mail Armor
49:23 Chemistry
48:43 Siege Engineers
57:17 Chain Barding Armor
56:58 Bracer
61:50 Plate Barding Armor
60:42 Elite Fire Lancer
TheDon
0:31 Loom
17:40 Feudal Age
19:26 Wheelbarrow
18:39 Double-Bit Axe
18:40 Horse Collar
20:58 Stone Mining
20:59 Gold Mining
23:33 Castle Age
25:15 Hand Cart
25:14 Bow Saw
25:07 Heavy Plow
29:27 Gold Shaft Mining
31:29 Fortified Wall
35:08 Masonry
38:00 Imperial Age
36:52 Town Watch
38:27 Town Patrol
38:40 Fletching
38:52 Scale Mail Armor
42:00 Conscription
42:05 Comitatenses
41:43 Pikeman
41:43 Man-at-Arms
42:24 Squires
42:23 Bodkin Arrow
42:39 Forging
42:45 Chain Mail Armor
42:31 Padded Archer Armor
42:23 Long Swordsman
44:14 Architecture
44:46 Chemistry
44:07 Ballistics
43:31 Halberdier
44:23 Heavy Scorpion
46:02 Siege Engineers
47:01 Murder Holes
47:22 Ballistas
50:03 Legionary
51:36 Iron Casting
51:17 Leather Archer Armor
51:09 Scale Barding Armor
51:55 Crop Rotation
50:54 Onager
Lukebeam54
10:44 Feudal Age
21:03 Wheelbarrow
24:37 Castle Age
29:02 Horse Collar
30:28 Man-at-Arms
33:01 Heavy Plow
34:08 Long Swordsman
39:03 Imperial Age
41:49 Elite Centurion
42:30 Double-Bit Axe
42:45 Gold Mining
43:37 Scale Barding Armor
43:45 Forging
46:50 Ballistas
47:36 Chain Barding Armor
46:58 Legionary
47:06 Pikeman
49:42 Halberdier
52:28 Plate Barding Armor
52:30 Iron Casting
52:16 Heavy Scorpion
64:17 Comitatenses
gky_ozglu
9:29 Loom
11:44 Feudal Age
18:21 Castle Age
16:45 Double-Bit Axe
18:25 Stone Mining
23:25 Horse Collar
28:33 Bow Saw
30:05 Ballistics
29:57 Treadmill Crane
30:24 Gold Mining
32:13 Sipahi
34:02 Gold Shaft Mining
34:12 Wheelbarrow
34:14 Heavy Plow
37:40 Imperial Age
36:31 Caravan
39:08 Artillery
39:18 Scale Barding Armor
39:13 Scale Mail Armor
39:25 Forging
40:49 Fortified Wall
40:09 Elite Janissary
41:55 Hoardings
43:17 Bombard Tower
43:57 Coinage
44:44 Town Watch
51:31 Heavy Camel Rider
vanok.oficial
14:05 Feudal Age
15:24 Double-Bit Axe
15:35 Horse Collar
25:37 Forging
28:34 Castle Age
28:39 Elite Skirmisher
28:49 Light Cavalry
28:53 Pikeman
30:43 Wheelbarrow
32:23 Iron Casting
32:13 Loom
33:11 Fletching
36:10 Imperial Age
Connection lost

Rejoining the realm…

Still unreachable

The connection could not be restored.

Session expired

The server has moved on; the page needs a fresh start.